 Dungeon Sprint DCSS version 0.17.1-3-g152610e (webtiles) character file.

271 Sezit the Fighter (level 6, -5/62 HPs)
             Began as a Hill Orc Fighter on Apr 27, 2016.
             Slain by a slime creature (10 damage)
             ... in the Dungeon (Sprint I: "Red Sonja").
             The game lasted 00:01:33 (366 turns).

Sezit the Fighter (Hill Orc Fighter)                 Turns: 366, Time: 00:01:33

Health: -5/62      AC:  8    Str: 21    XL:     6   Next: 23%
Magic:  6/6        EV:  9    Int:  8    God:
Gold:   162        SH: 11    Dex: 10    Spells: 0 memorised, 5 levels left

rFire  . . .     SeeInvis .     a - +0 long sword
rCold  . . .     Clarity  .     b - +0 scale mail
rNeg   . . .     SustAt   .     c - +0 shield
rPois  .         Gourm    .     (no helmet)
rElec  .         Spirit   .     (no cloak)
rCorr  .         Warding  .     (no gloves)
rMut   .         NoTele   +     (no boots)
MR     .....                    (no amulet)
Stlth  ..........               (no ring)
                                (no ring)

@: exhausted, slowed, very slow, not resistant to hostile enchantments,
extremely unstealthy
A: no striking features
a: no special abilities


You were in the Dungeon.
You were not hungry.

You visited 1 branch You collected 162 gold pieces.

Inventory:

Hand Weapons
 a - a +0 long sword (weapon)
 d - a +3 scythe of protection
Armour
 b - a +0 scale mail (worn)
 c - a +0 shield (worn)
Scrolls
 k - a scroll of blinking
Potions
 f - a potion of curing
 g - a potion of heal wounds
 h - a potion of haste
 i - 2 potions of magic
Comestibles
 e - a bread ration


   Skills:
 + Level 8.7 Fighting
 + Level 4.8 Long Blades
 + Level 8.1 Armour
 + Level 1.8 Dodging
 + Level 8.1 Shields


You had 5 spell levels left.
You didn't know any spells.

Dungeon Overview and Level Annotations

Branches:
Dungeon (1/1)

Altars:
Cheibriados
Dithmenos
Fedhas
Sif Muna
Jiyva


Message History

You block the jelly's attack.
The slime creature hits you but does no damage.
You slash the slime creature!
The slime creature is heavily wounded.
You block the jelly's attack. The slime creature hits you!
The jelly hits you but does no damage. The slime creature hits you.
You hit the slime creature but do no damage.
The slime creature is heavily wounded.
The jelly barely misses you. The slime creature hits you!
The jelly hits you but does no damage. The slime creature hits you.
You hit the slime creature.
The slime creature is heavily wounded.
The jelly hits you but does no damage. The slime creature hits you!
* * * LOW HITPOINT WARNING * * *
You hit the slime creature.
The slime creature is heavily wounded.
The jelly closely misses you. The slime creature hits you!
* * * LOW HITPOINT WARNING * * *
You block the jelly's attack. The slime creature hits you!
You die...

###################
#<.#..').#..'..#__#
#..').#..'[.#..@J.+
#..#####'#####J#__#
#..# #..# #:####
#..# #### #!# #..#
..+ #⌠⌠# ._# ####
.#+# +


You could see a slime creature and a jelly.

Vanquished Creatures
  Sigmund (D)
  An ogre (D)
  Ijyb (D)
3 creatures vanquished.

Vanquished Creatures (others)
  A gargoyle (D)
1 creature vanquished.

Grand Total: 4 creatures vanquished

Notes
Turn   | Place    | Note
--------------------------------------------------------------
     0 | D        | Sezit the Hill Orc Fighter began the quest for the Orb.
     0 | D        | Reached XP level 1. HP: 19/19 MP: 1/1
     2 | D        | Noticed Ijyb
    18 | D        | Killed Ijyb
    18 | D        | Reached skill level 5 in Fighting
    18 | D        | Reached skill level 5 in Shields
    18 | D        | Reached XP level 2. HP: 15/29 MP: 2/2
    18 | D        | Reached XP level 3. HP: 18/36 MP: 3/3
   171 | D        | Noticed an ogre
   177 | D        | Killed an ogre
   177 | D        | Reached skill level 7 in Fighting
   177 | D        | Reached skill level 1 in Dodging
   177 | D        | Reached XP level 4. HP: 26/47 MP: 4/4
   177 | D        | Reached XP level 5. HP: 28/52 MP: 5/5
   187 | D        | Killed a gargoyle
   325 | D        | Noticed Sigmund
   330 | D        | Killed Sigmund
   330 | D        | Reached skill level 8 in Fighting
   330 | D        | Reached XP level 6. HP: 62/62 MP: 6/6
   354 | D        | Found a deep blue altar of Sif Muna.
   355 | D        | Found a snail-covered altar of Cheibriados.
   355 | D        | Found a viscous altar of Jiyva.
   355 | D        | Found a shadowy altar of Dithmenos.
   355 | D        | Found a blossoming altar of Fedhas.
   355 | D        | Noticed a slime creature
   356 | D        | Noticed a jelly
   366 | D        | Slain by a slime creature

Action                   |  1- 3 |  4- 6 || total
-------------------------+-------+-------++-------
Melee: Long sword        |    19 |    13 ||    32
  Use: Potion            |     1 |     1 ||     2
